 Dungeon Crawl Stone Soup version 0.18.1-48-g4cf74bf (webtiles) character file.

765 Alarkh the Poker (level 7, -2/50 HPs)
             Began as a Mummy Skald on Aug 2, 2016.
             Was an Initiate of Gozag.
             Killed from afar by Sigmund (19 damage)
             ... with a puff of flame
             ... on level 2 of the Dungeon.
             The game lasted 00:10:56 (6414 turns).

Alarkh the Poker (Mummy Skald)                      Turns: 6414, Time: 00:10:57

Health: -2/50      AC:  5    Str: 15    XL:     7   Next: 52%
Magic:  1/10       EV: 11    Int: 13    God:    Gozag
Gold:   280        SH:  0    Dex: 12    Spells: 3 memorised, 4 levels left

rFire  x . .     SeeInvis .     a - +2 halberd (flame)
rCold  + . .     Gourm    .     b - +0 leather armour
rNeg   + + +     Faith    .     (shield currently unavailable)
rPois  ∞         Spirit   .     (no helmet)
rElec  .         Dismiss  .     d - +0 cloak
rCorr  .         Reflect  .     h - +0 pair of gloves
SustAt .         Harm     .     (no boots)
MR     .....                    (no amulet)
Stlth  +.........               (no ring)
                                (no ring)

@: very slightly contaminated, not resistant to hostile enchantments, very
unstealthy
A: no food or potions, fire vulnerability, cold resistance 1, negative energy
resistance 3, torment resistance, unbreathing
a: Potion Petition, Call Merchant, Bribe Branch, Renounce Religion


You were on level 2 of the Dungeon.
You worshipped Gozag.
Gozag was noncommittal.
You were not hungry.

You visited 1 branch of the dungeon, and saw 4 of its levels.
You also visited: Sewer.

You collected 768 gold pieces.
You paid 488 gold pieces to Gozag.

Inventory:

Hand Weapons
 a - a +2 halberd of flaming (weapon)
 m - a +0 trident
 n - a +0 spear
Armour
 b - a +0 leather armour (worn)
 d - a +0 cloak (worn)
 h - a +0 pair of gloves (worn)
Wands
 f - a wand of polymorph (17/24)
Scrolls
 e - 5 scrolls of remove curse
 g - 2 scrolls of magic mapping
 i - a scroll of enchant armour
 j - 2 scrolls of immolation
 k - 2 scrolls of fear
 l - 3 scrolls of teleportation
Books
 c - a book of Battle

   Spells                             Type                      Level
   a - Infusion                       Charms                       1
   b - Shroud of Golubria             Charms/Translocation         2
   c - Song of Slaying                Charms                       2
   d - Spectral Weapon                Hexes/Charms                 3
   e - Regeneration                   Charms/Necromancy            3


   Skills:
 - Level 2.0 Fighting
 + Level 7.2 Polearms
 - Level 0.7 Armour
 - Level 0.7 Dodging
 - Level 2.0 Spellcasting
 - Level 2.4 Charms


You had 4 spell levels left.
You knew the following spells:

 Your Spells              Type           Power        Failure   Level  Hunger
a - Infusion              Chrm           #...         14%         1    N/A
b - Shroud of Golubria    Chrm/Tloc      #.........   30%         2    N/A
c - Spectral Weapon       Hex/Chrm       #.......     65%         3    N/A

Dungeon Overview and Level Annotations

Branches:
Dungeon (4/15)
 Temple: D:4-7

Altars:
Gozag
Qazlal
Sif Muna
Vehumet

Annotations:
D:2 Sigmund


Innate Abilities, Weirdness & Mutations

You do not eat or drink.
Your flesh is vulnerable to fire.
You are immune to poison.
Your flesh is cold resistant.
You are immune to negative energy.
You are immune to unholy pain and torment.
You can survive without breathing.


Message History

Attack whom?
Press: ? - help, Dir - move target cursor, f/p - Sigmund
Aim: Sigmund, wielding a scythe and wearing an embroidered robe (almost dead)
You reach to attack!
You hit Sigmund. You burn Sigmund.
Sigmund is almost dead.
Sigmund hits you from afar with a scythe!
Attack whom?
Press: ? - help, Dir - move target cursor, f/p - Sigmund
Aim: Sigmund, wielding a scythe and wearing an embroidered robe (almost dead)
You reach to attack!
You barely miss Sigmund.
Sigmund is almost dead.
Attack whom?
Press: ? - help, Dir - move target cursor, f/p - Sigmund
Aim: Sigmund, wielding a scythe and wearing an embroidered robe (almost dead)
You reach to attack!
You closely miss Sigmund.
Sigmund is almost dead.
Sigmund points at you and mumbles some strange words.
The puff of flame hits you! The fire burns you terribly!
You die...
Your body crumbles into a pile of gold.

#.# *,*,**,*,*,*
#.##########***,*,**,*,*,*
#.........).,,,,#,**,*,*,***
###.#####.##***.#,,,[._,,,,,
#.# #.#####.###..#.*,,,,
##.#####.@(..........,,,,,,
###
#..(.....###@###.#.#******,
..#####..#####.##..#
*...,,,,* *, #........#
#...@..###.#,***,***,
..######.# #..##......#,*
*,*,,, .## #.#
#<,*#.##..##,* *,*,*, )#
#.#**#.[##.##..#*,* *,*,*,
.#######..,,,.!.......#*,*
*,*,*,
..........,[...##.###.#,(*
*,*,*, ..#########*#.**#.#
#.#,** *,*,*, ..#
#.###.###.#,* *,*,*, ..#
#.........#.###*,*,*,


You could see Sigmund.

Vanquished Creatures
  Grinder (D:3)
  2 big kobolds (Sewer)
  An orc priest (D:3)
  An iguana (D:4)
  3 worker ants (D:4)
  4 gnolls
  12 adders
  A river rat (Sewer)
  3 oozes
  An adder skeleton (D:4)
  3 worms (Sewer)
  3 dart slugs
  4 giant geckos
  5 orcs
  5 ball pythons
  10 bats
  4 giant cockroaches
  11 goblins
  3 hobgoblins
  12 jackals
  6 quokkas
  4 giant newts
  A jackal skeleton (D:4)
  17 kobolds
  14 rats
131 creatures vanquished.

Vanquished Creatures (others)
  2 spectral weapons
2 creatures vanquished.

Grand Total: 133 creatures vanquished

Notes
Turn   | Place    | Note
--------------------------------------------------------------
     0 | D:1      | Alarkh the Mummy Skald began the quest for the Orb.
     0 | D:1      | Reached XP level 1. HP: 16/16 MP: 3/3
    27 | D:1      | Reached skill level 2 in Polearms
    34 | D:1      | Reached XP level 2. HP: 18/22 MP: 1/5
   692 | D:2      | Found a deep blue altar of Sif Muna.
   753 | D:2      | Reached XP level 3. HP: 27/27 MP: 3/6
   785 | D:2      | Reached skill level 3 in Polearms
   989 | D:2      | Found an opulent altar of Gozag.
   997 | D:2      | Became a worshipper of Gozag Ym Sagoz the Greedy
  1128 | D:2      | Noticed Sigmund
  1292 | D:3      | Found a stormy altar of Qazlal.
  1393 | D:3      | Learned a level 2 spell: Shroud of Golubria
  1397 | D:3      | Learned a level 3 spell: Spectral Weapon
  1483 | D:3      | Reached XP level 4. HP: 8/33 MP: 3/7
  1705 | D:3      | Noticed Grinder
  2140 | D:2      | HP: 1/33 [something (11)]
  2522 | D:1      | Reached skill level 4 in Polearms
  2757 | D:3      | Reached XP level 5. HP: 27/38 MP: 2/8
  2976 | D:4      | Found a radiant altar of Vehumet.
  2976 | D:4      | Found a stormy altar of Qazlal.
  3131 | D:4      | Reached skill level 5 in Polearms
  3198 | D:4      | Reached XP level 6. HP: 32/44 MP: 2/9
  3216 | D:4      | Found a glowing drain.
  3276 | Sewer    | Entered a sewer
  4186 | Sewer    | Reached skill level 6 in Polearms
  5202 | D:3      | Killed Grinder
  5202 | D:3      | Reached skill level 7 in Polearms
  5202 | D:3      | Reached XP level 7. HP: 22/50 MP: 0/10
  6293 | D:2      | Found a deep blue altar of Sif Muna.
  6414 | D:2      | Killed from afar by Sigmund

Skill      XL: |  1  2  3  4  5  6 |
---------------+-------------------+-----
Polearms       | 2 3 4 5 7 |  7.2
Fighting       | |  2.0
Armour         | |  0.7
Dodging        | |  0.7
Spellcasting   | |  2.0
Charms         | |  2.4

Action                   |  1- 3 |  4- 6 |  7- 9 || total
-------------------------+-------+-------+-------++-------
Melee: Spear             |   140 |   354 |    17 ||   511
       Halberd           |       |       |    19 ||    19
       Trident           |       |       |     4 ||     4
 Cast: Infusion          |    17 |    31 |     5 ||    53
       Spectral Weapon   |       |    10 |     3 ||    13
       Shroud of Golubri |       |     1 |     1 ||     2
Invok: Potion Petition   |       |     2 |       ||     2
  Use: Scroll            |     1 |     3 |     2 ||     6
 Stab: Sleeping          |     2 |     2 |       ||     4
Armor: Leather armour    |    36 |    71 |    12 ||   119
Dodge: Dodged            |    62 |   146 |    14 ||   222
